AoeStats
← BORN

Glade

510539890Analyzed
1v1 RM · 14h ago on Oct 1, 2026· 38m 36s· 2 players
Game mode
Random Map
Map size
Tiny (2 player)
Population
200
Speed
Normal
Resources
Standard
Victory
Conquest
Starting age
Dark Age
Ending age
Imperial Age
RankedLock teamsTeams togetherTeam positionsShared explorationLock speedFull tech treeHidden civsTurbo modeCheats
Victory
Defeat
🇪🇸 Franks · Spain
1035
+17
🇨🇿 Mongols · Czechia
1046
-17
BORN
10:19 Feudal Age
15:24 Loom
18:32 Castle Age
19:49 Double-Bit Axe
21:59 Stone Mining
25:29 Wheelbarrow
29:45 Imperial Age
27:31 Town Watch
30:16 Elite Skirmisher
34:45 Fletching
36:02 Bodkin Arrow
37:22 Padded Archer Armor
Cupra69
8:02 Loom
9:48 Feudal Age
11:14 Double-Bit Axe
11:09 Horse Collar
14:01 Bloodlines
14:57 Forging
20:17 Castle Age
18:51 Fletching
19:02 Padded Archer Armor
19:44 Gold Mining
20:57 Bodkin Arrow
22:29 Leather Archer Armor
23:05 Pikeman
23:50 Squires
24:01 Scale Mail Armor
27:22 Ballistics
27:41 Thumb Ring
33:03 Imperial Age
33:15 Iron Casting
32:46 Scale Barding Armor
34:57 Husbandry
34:18 Light Cavalry
37:32 Hussar
Connection lost

Rejoining the realm…

Still unreachable

The connection could not be restored.

Session expired

The server has moved on; the page needs a fresh start.